 Dungeon Sprint DCSS version 0.19-a0-1922-g1e9a4c1 (webtiles) character file.

207 poirepourri the Fighter (level 5, -11/43 HPs)
             Began as a Gargoyle Fighter on Oct 24, 2016.
             Mangled by a sun demon (15 damage)
             ... summoned by a deep elf mage
             ... in the Dungeon (Sprint III: "The Ten Rune Challenge").
             The game lasted 00:01:27 (677 turns).

poirepourri the Fighter (Gargoyle Fighter)           Turns: 677, Time: 00:01:28

Health: -11/43     AC:  6    Str: 25    XL:     5   Next: 85%
Magic:  5/5        EV:  8    Int:  8    God:
Gold:   22         SH: 11    Dex: 10    Spells: 0 memorised, 4 levels left

rFire  . . .     SeeInvis .     a - +0 flail
rCold  . . .     Gourm    .     b - +0 scale mail
rNeg   + . .     Faith    .     c - +2 shield
rPois  ∞         Spirit   .     (no helmet)
rElec  +         Reflect  .     (no cloak)
rCorr  .         Harm     .     (no gloves)
MR     .....     NoTele   +     (no boots)
Stlth  ..........               (no amulet)
                                (no ring)
                                (no ring)

@: mighty, corroded
A: negative energy resistance 1, electricity resistance, unbreathing,
petrification resistance, rot immunity, AC +4
a: no special abilities


You were in the Dungeon.
You were not hungry.

You visited 1 branch You collected 22 gold pieces.

Inventory:

Hand Weapons
 a - a +0 flail (weapon)
Armour
 b - a +0 scale mail (worn)
 c - a +2 shield (worn)
Scrolls
 k - 2 scrolls of blinking
 n - 2 scrolls of identify
Potions
 d - a potion of might
 h - a potion of haste
 i - 2 potions of magic
 l - 2 potions of mutation
 q - 3 potions of cure mutation
 r - 3 potions of flight
Books
 g - a book of Misfortune

   Spells                             Type                      Level
   a - Confusing Touch                Hexes                        1
   b - Confuse                        Hexes                        3
   c - Gell's Gravitas                Hexes/Translocation          3
   d - Petrify                        Transmutation/Earth          4
   e - Metabolic Englaciation         Hexes/Ice                    5
   f - Yara's Violent Unravelling     Hexes/Transmutation          5
 j - a book of Cantrips

   Spells                             Type                      Level
   a - Confusing Touch                Hexes                        1
   b - Animate Skeleton               Necromancy                   1
   c - Summon Small Mammal            Summoning                    1
   d - Apportation                    Translocation                1
Comestibles
 f - a bread ration
 p - 2 royal jellies


   Skills:
 + Level 10.4 Fighting
 + Level 6.3 Maces & Flails
 - Level 3.2 Armour
 + Level 2.8 Dodging
 - Level 3.2 Shields


You had 4 spell levels left.
You didn't know any spells.

Dungeon Overview and Level Annotations

Branches:
Dungeon (1/1)

Altars:
Elyvilon
Kikubaaqudgha
Sif Muna
Vehumet
Zin
The Shining One


Innate Abilities, Weirdness & Mutations

You are resistant to torment.
Your stone body is resilient. (AC +4)
You are immune to poison.
You resist negative energy. (rN+)
You are resistant to electric shocks. (rElec)
You can survive without breathing.
You are immune to petrification.
You are immune to rotting.


Message History

There is an open door here.
The deep elf mage hits you but does no damage.
You closely miss the deep elf mage.
The deep elf mage hits you but does no damage.
You closely miss the deep elf mage.
The deep elf mage casts a spell.
Your shield and scale mail prevent you from hitting the deep elf mage.
You block the deep elf mage's attack. The sun demon hits you!
You are engulfed in flames!!
* * * LOW HITPOINT WARNING * * *
You feel better. The sun demon barely misses you.
The deep elf mage casts a spell.
You feel very mighty all of a sudden. You block the sun demon's attack.
The deep elf mage gestures wildly while chanting.
The rust devil hits you. The rust devil corrodes you!
You barely miss the deep elf mage. The sun demon hits you!
* * * LOW HITPOINT WARNING * * *
You are engulfed in flames!
You die...

▓▓▓▓▓▓▓▓▓ ▓▓▓ ..'...♣.♣
♣.##### ..#.....♣ ♣.#33_#
###....♣♣ ♣.#e@4#
..#....≈♣♣ ♣.###'#+###+#
..#.†.≈≈.♣♣♣♣.#..........
..#..≈≈≈≈.....'.⌠........
#'#..≈≈≈≈≈≈♣..#...######+
.[#.≈≈≈≈≈≈....#.⌠.#
..#.≈≈≈≈≈.....#...#
..#.≈≈≈.......#)###
###.....÷.....#...#


You could see a soul eater, a sun demon, a rust devil and a deep elf mage.

Vanquished Creatures
  A water elemental (D)
  A scorpion (D)
  A wizard (D)
  Jessica (D)
  A human (D)
  A kobold demonologist (D)
  2 oozes (D)
  A rat (D)
9 creatures vanquished.

Vanquished Creatures (others)
  2 draconian scorchers (D)
  6 hellions (D)
  A yaktaur (D)
9 creatures vanquished.

Grand Total: 18 creatures vanquished

Notes
Turn   | Place    | Note
-------+----------+-------------------------------------------
     0 | D        | poirepourri the Gargoyle Fighter began the quest for the Orb.
     0 | D        | Reached XP level 1. HP: 14/14 MP: 1/1
     9 | D        | Reached skill level 4 in Fighting
    12 | D        | Reached skill level 5 in Fighting
    12 | D        | Reached XP level 2. HP: 11/21 MP: 2/2
    42 | D        | Killed a yaktaur
    83 | D        | Killed a hellion
   132 | D        | Noticed Jessica
   137 | D        | Killed Jessica
   137 | D        | Reached skill level 6 in Fighting
   137 | D        | Reached XP level 3. HP: 27/28 MP: 3/3
   138 | D        | Killed a hellion
   151 | D        | Killed a hellion
   152 | D        | Killed a hellion
   153 | D        | Killed a hellion
   155 | D        | Killed a hellion
   186 | D        | Reached skill level 7 in Fighting
   186 | D        | Reached skill level 1 in Dodging
   198 | D        | Killed a white draconian scorcher
   273 | D        | Killed a white draconian scorcher
   436 | D        | Noticed a scorpion
   445 | D        | Killed a scorpion
   445 | D        | Reached skill level 8 in Fighting
   445 | D        | Reached skill level 5 in Maces & Flails
   445 | D        | Reached XP level 4. HP: 31/36 MP: 4/4
   530 | D        | Noticed a water elemental
   542 | D        | Killed a water elemental
   542 | D        | Reached skill level 9 in Fighting
   542 | D        | Reached XP level 5. HP: 38/42 MP: 5/5
   602 | D        | Found a radiant altar of Vehumet.
   602 | D        | Found a deep blue altar of Sif Muna.
   602 | D        | Found an ancient bone altar of Kikubaaqudgha.
   604 | D        | Reached skill level 10 in Fighting
   669 | D        | Found a glowing silver altar of Zin.
   669 | D        | Found a glowing golden altar of the Shining One.
   669 | D        | Found a white marble altar of Elyvilon.
   670 | D        | Noticed a deep elf mage
   674 | D        | Noticed a sun demon
   676 | D        | Noticed a rust devil
   677 | D        | Noticed a soul eater
   677 | D        | Mangled by a sun demon

Vault maps used:
D:        dungeon_sprint_mu

Skill      XL: |  1  2  3  4  5 |
---------------+----------------+-----
Fighting       | 5 6 8 9 10 | 10.4
Maces & Flails | 3 5 6 |  6.3
Dodging        | 1 2 |  2.8
Armour         | |  3.2
Shields        | |  3.2

Action                   |  1- 3 |  4- 6 || total
-------------------------+-------+-------++-------
Melee: Flail             |    42 |    17 ||    59
  Use: Scroll            |     1 |     6 ||     7
       Potion            |       |     4 ||     4
Armor: Scale mail        |    18 |     3 ||    21
Dodge: Dodged            |    13 |     4 ||    17
Block: Shield            |    13 |     9 ||    22
